 Dungeon Crawl Stone Soup version 0.27.1-3-gb3d3a73c9e (webtiles) character file.

Game seed: 11952494566040880006

7 Gvwyu the Digger (level 2, -2/13 HPs)
             Began as a Vine Stalker Earth Elementalist on Oct 15, 2021.
             Frozen to death by an endoplasm (3 damage)
             ... on level 1 of the Dungeon.
             The game lasted 00:02:51 (113 turns).

Gvwyu the Digger (Vine Stalker Earth Elementalist)   Turns: 113, Time: 00:02:52

Health: -2/13      AC:  5    Str: 10    XL:     2   Next: 0%
Magic:  0/6        EV: 12    Int: 15    God:
Gold:   9          SH:  0    Dex: 14    Spells: 4/5 levels left

rFire    . . .     SeeInvis .   (no weapon)
rCold    . . .     Faith    .   (no shield)
rNeg     . . .     Spirit   +   b - +0 robe
rPois    .         Reflect  .   (no helmet)
rElec    .         Harm     .   (no cloak)
rCorr    .         Rampage  .   e - +2 pair of gloves
Will     .....                  (no boots)
Stlth    ++........             (no amulet)
HPRegen  0.04/turn              (no ring)
MPRegen  0.10/turn              (no ring)

@: no status effects
A: fangs 2, magic shield, antimagic bite, no potion heal 2
a: no special abilities


You were on level 1 of the Dungeon.
You visited 1 branch of the dungeon, and saw 1 of its levels.

You collected 9 gold pieces.

Inventory:

Missiles
 c - 30 stones
Armour
 b - a +0 robe (worn)
 e - a +2 pair of gloves (worn)
Scrolls
 a - a scroll of enchant armour {unknown}


   Skills:
 + Level 1.7 Dodging
 + Level 2.7 Stealth
 + Level 2.1 Spellcasting
 + Level 1.0 Transmutations
 + Level 3.2 Earth Magic


You had 4 spell levels left.
You knew the following spells:

 Your Spells              Type           Power      Damage    Failure   Level
a - Sandblast             Erth           22%        2d7       6%          1

Your spell library contained the following spells:

 Spells                   Type           Power      Damage    Failure   Level
 Passwall                 Tmut/Erth      6%         N/A       14%         2
 Stone Arrow              Conj/Erth      12%        3d7       32%         3
 Petrify                  Tmut/Erth      8%         N/A       65%         4


Dungeon Overview and Level Annotations

Branches:
Dungeon (1/15)

Altars:

Annotations:
D:1 1 runed translucent door


Innate Abilities, Weirdness & Mutations

You have extremely sharp teeth.
When hurt, damage is shared between your health and your magic reserves.
Your bite disrupts and absorbs the magic of your enemies.
Potions cannot restore your health.


Message History

The ball python is severely wounded.
The ball python barely misses you. The ball python closely misses you.
The ball python barely misses you. The ball python closely misses you.
The endoplasm jiggles.
You closely miss the ball python. Your bite misses the ball python.
The ball python is severely wounded.
The ball python bites you but does no damage.
The ball python grabs you. The ball python constricts you.
You escape the ball python's grasp.
You hit the ball python.
You kill the ball python!
You have reached level 2!
The endoplasm freezes you.
You are frozen.
You hit the endoplasm but do no damage.
You bite the endoplasm, but do no damage.
The endoplasm hits you but does no damage.
You hit the endoplasm but do no damage. The endoplasm freezes you.
You are frozen.
* * * LOW HITPOINT WARNING * * *
You hit the endoplasm but do no damage.
The endoplasm hits you but does no damage.
You hit the endoplasm.
The endoplasm is heavily wounded.
The endoplasm freezes you.
You are frozen.
* * * LOW HITPOINT WARNING * * *
You hit the endoplasm but do no damage.
The endoplasm is heavily wounded.
The endoplasm hits you but does no damage.
You hit the endoplasm. You bite the endoplasm. You drain its power.
You feel invigorated.
The endoplasm is almost dead.
The endoplasm hits you.
You hit the endoplasm but do no damage. Your bite misses the endoplasm.
The endoplasm is almost dead.
The endoplasm freezes you.
You are frozen.
You die...

#.###....###.###.#
#.# #....###.# #.#
##.......# #.#
#.#......
#)####.....###
#†...'........
#.####.....##. #J#
#.....#
#@#####.####
#........
#.############ #.#
...... #.# ......
#.#


hrwB. #.#######+####### ##.#.............# #..'⌠....###....⌠+ You could see an
endoplasm.

Vanquished Creatures
  A hobgoblin (D:1)
  A kobold (D:1)
  A quokka (D:1)
  2 ball pythons (D:1)
  2 rats (D:1)
7 creatures vanquished.

Notes
Turn   | Place    | Note
-------+----------+-------------------------------------------
     0 | D:1      | Gvwyu the Vine Stalker Earth Elementalist began the quest
                  | for the Orb.
     0 | D:1      | Reached XP level 1. HP: 9/9 MP: 4/4
     1 | D:1      | Found a runed translucent door.
   106 | D:1      | Reached XP level 2. HP: 6/13 MP: 6/6
   113 | D:1      | Frozen to death by an endoplasm

Illustrated notes

Levels and vault maps discovered:
D:1:      dpeg_arrival_caged_fury, layout_basic, interstate_on_off,
          minmay_octomino_c4

Action                   || total
-------------------------++-------
Melee: Unarmed           ||    34
       Bite              ||     6
  Use: Potion            ||     1
 Stab: Sleeping          ||     1
Armor: Robe              ||     8
Dodge: Dodged            ||    18
